 Dungeon Crawl Stone Soup version 0.27.1-3-gb3d3a73c9e (webtiles) character file.

Game seed: 12775462694499915740

54 jjjjhere the Magician (level 3, 0/19 HPs)
             Began as a Deep Elf Air Elementalist on Oct 23, 2021.
             Slain by Terence (3 damage)
             ... on level 2 of the Dungeon.
             The game lasted 00:03:13 (1377 turns).

jjjjhere the Magician (Deep Elf Air Elementalist)   Turns: 1377, Time: 00:03:14

Health: 0/19       AC:  3    Str:  5    XL:     3   Next: 66%
Magic:  5/11       EV: 12    Int: 20    God:
Gold:   65         SH:  0    Dex: 15    Spells: 10/11 levels left

rFire    . . .     SeeInvis +   (no weapon)
rCold    . . .     Faith    .   (no shield)
rNeg     . . .     Spirit   .   a - +0 robe
rPois    .         Reflect  .   (no helmet)
rElec    .         Harm     .   i - +0 cloak
rCorr    .         Rampage  .   (no gloves)
Will     .....                  (no boots)
Stlth    ++........             (no amulet)
HPRegen  0.06/turn              g - ring of see invisible
MPRegen  0.12/turn              (no ring)

@: no status effects
A: no striking features
a: no special abilities


You were on level 2 of the Dungeon.
You visited 1 branch of the dungeon, and saw 2 of its levels.

You collected 65 gold pieces.

Inventory:

Missiles
 b - 85 sling bullets
 c - 47 stones
 d - 5 boomerangs
 f - 3 datura-tipped darts
 l - 18 poisoned darts
Armour
 a - a +0 robe (worn)
 i - a +0 cloak (worn)
 m - a +2 kite shield
 n - a +0 buckler
Jewellery
 g - a ring of see invisible (left hand)
Wands
 o - a wand of acid (3)
Scrolls
 e - 2 scrolls of identify {unknown}
 h - a scroll of enchant armour {unknown}
 j - a scroll of teleportation {unknown}
 k - a scroll of amnesia {unknown}
 p - a scroll of enchant weapon {unknown}
 q - a scroll of holy word {unknown}
Potions
 r - a potion of lignification {unknown}


   Skills:
 - Level 2.4 Dodging
 - Level 2.4 Stealth
 + Level 4.5 Spellcasting
 + Level 2.9 Conjurations
 - Level 3.0 Air Magic


You had 10 spell levels left.
You knew the following spells:

 Your Spells              Type           Power      Damage    Failure   Level
a - Shock                 Conj/Air       64%        1d7       3%          1

Your spell library contained the following spells:

 Spells                   Type           Power      Damage    Failure   Level
 Static Discharge         Conj/Air       16%        N/A       5%          2
 Swiftness                Air            16%        N/A       11%         3
 Airstrike                Air            8%         N/A       34%         4


Dungeon Overview and Level Annotations

Branches:
Dungeon (2/15)

Altars:

Annotations:
D:2 Terence


Message History

Aiming: Shock (safe; 3% risk of failure)
Press: ? - help, Q - select action, (/) - cycle Shift-Dir - straight line, f/p - Terence
Aim: Terence, wielding a +0 mace and wearing a +0 chain mail (heavily wounded, 79% to hit)
The zap misses Terence.
Terence hits you but does no damage.
Aiming: Shock (safe; 3% risk of failure)
Press: ? - help, Q - select action, (/) - cycle Shift-Dir - straight line, f/p - Terence
Aim: Terence, wielding a +0 mace and wearing a +0 chain mail (heavily wounded, 79% to hit)
The zap hits Terence.
Terence is severely wounded.
Terence closely misses you.
Aiming: Shock (safe; 3% risk of failure)
Press: ? - help, Q - select action, (/) - cycle Shift-Dir - straight line, f/p - Terence
Aim: Terence, wielding a +0 mace and wearing a +0 chain mail (severely wounded, 79% to hit)
The zap hits Terence.
Terence is severely wounded.
Terence misses you.
Aiming: Shock (safe; 3% risk of failure)
Press: ? - help, Q - select action, (/) - cycle Shift-Dir - straight line, f/p - Terence
Aim: Terence, wielding a +0 mace and wearing a +0 chain mail (severely wounded, 79% to hit)
The zap hits Terence.
Terence is almost dead.
Terence barely misses you.
Aiming: Shock (safe; 3% risk of failure)
Press: ? - help, Q - select action, (/) - cycle Shift-Dir - straight line, f/p - Terence
Aim: Terence, wielding a +0 mace and wearing a +0 chain mail (almost dead, 79% to hit)
The zap misses Terence.
Terence hits you with a +0 mace.
Aiming: Shock (safe; 3% risk of failure)
Press: ? - help, Q - select action, (/) - cycle Shift-Dir - straight line, f/p - Terence
Aim: Terence, wielding a +0 mace and wearing a +0 chain mail (almost dead, 79% to hit)
The zap hits Terence but does no damage.
Terence is almost dead.
Terence hits you with a +0 mace!
* * * LOW HITPOINT WARNING * * *
Terence says, "Did you write a will?
You should..."
Terence hits you with a +0 mace.
* * * LOW HITPOINT WARNING * * *
Terence hits you with a +0 mace.
You die...

#.........## ##### #.........#
....###########.........#
#....>........#........)#
#####.........#.........# ####.
..# ##........####.####.#####....
#.####...........#.##...#.....###
#...##...........................
.##............@@................
...###...................##...##.
##...#........#..................
###............#............(...
##<.(.......##....)...........
### ###.###.##.##................
..### #.........#...<............
#...###.......................#..
###.............#.........####...


You could see Terence.

Vanquished Creatures
  Jessica (D:2)
  A worm (D:2)
  3 bats
  An endoplasm (D:1)
  A giant cockroach (D:1)
  2 goblins (D:1)
  3 hobgoblins (D:1)
  2 quokkas (D:1)
  3 ball pythons
  3 frilled lizards
  3 kobolds (D:1)
  3 rats
26 creatures vanquished.

Notes
Turn   | Place    | Note
-------+----------+-------------------------------------------
     0 | D:1      | jjjjhere the Deep Elf Air Elementalist began the quest for
                  | the Orb.
     0 | D:1      | Reached XP level 1. HP: 10/10 MP: 6/6
   192 | D:1      | Reached XP level 2. HP: 8/15 MP: 1/8
   964 | D:2      | Reached skill level 4 in Spellcasting
  1137 | D:2      | Noticed Jessica
  1148 | D:2      | Killed Jessica
  1149 | D:2      | Reached XP level 3. HP: 19/19 MP: 4/10
  1318 | D:2      | Noticed Terence
  1342 | D:2      | HP: 4/19 [Terence (9)]
  1376 | D:2      | HP: 3/19 [Terence (3)]
  1377 | D:2      | Slain by Terence

Illustrated notes

Levels and vault maps discovered:
D:1:      shiori_shiawase, layout_rooms
D:2:      layout_rooms, minivault_5, kennysheep_generic_room_10, uniq_jessica,
          uniq_terence

Skill      XL: |  1  2 |
---------------+-------+-----
Conjurations   | 2 |  2.9
Spellcasting   | 4 |  4.5
Dodging        | |  2.4
Stealth        | |  2.4
Air Magic      | |  3.0

Action                   || total
-------------------------++-------
 Cast: Shock             ||    72
Armor: Robe              ||     4
Dodge: Dodged            ||    18
